 Dungeon Crawl Stone Soup version 0.19.5 (webtiles) character file.

55 miragecloak the Changer (level 3, -4/23 HPs)
             Began as an Octopode Transmuter on May 17, 2017.
             Killed from afar by an orc wizard (11 damage)
             ... with a magic dart
             ... on level 3 of the Dungeon.
             The game lasted 00:01:21 (1274 turns).

miragecloak the Changer (Octopode Transmuter)       Turns: 1274, Time: 00:01:22

Health: -4/23      AC:  2    Str:  9    XL:     3   Next: 93%
Magic:  3/6        EV: 20    Int: 15    God:
Gold:   75         SH:  0    Dex: 18    Spells: 2 memorised, 2 levels left

rFire  . . .     SeeInvis .       - Unarmed
rCold  . . .     Gourm    .     (shield currently unavailable)
rNeg   . . .     Faith    .     (helmet currently unavailable)
rPois  x         Spirit   .     (no amulet)
rElec  .         Reflect  .     (no ring)
rCorr  .         Harm     .     (no ring)
MR     .....                    (no ring)
Stlth  ++........               (no ring)
                                (no ring)
                                (no ring)
                                (no ring)
                                (no ring)

@: spider-form (expiring)
A: almost no armour, stealthy swim, (amphibious), 8 rings, (constrict 8),
(camouflage 0), (gelatinous body 0)
a: End Transformation


You were on level 3 of the Dungeon.
You were not hungry.
You were a venomous arachnid creature.
You visited 1 branch of the dungeon, and saw 3 of its levels.

You collected 75 gold pieces.

Inventory:

Missiles
 a - 12 arrows
Scrolls
 e - 2 scrolls of identify {unknown}
 f - 2 scrolls of recharging {unknown}
 g - a scroll of immolation {unknown}
 i - a scroll of blinking {unknown}
 l - a scroll of amnesia {unknown}
Potions
 d - a potion of degeneration {unknown}
 h - a potion of might {unknown}
 j - a potion of lignification {unknown}
 m - a potion of haste {unknown}
Books
 b - a book of Changes

   Spells                             Type                      Level
   a - Beastly Appendage              Transmutation                1
   b - Sticks to Snakes               Transmutation                2
   c - Spider Form                    Transmutation/Poison         3
   d - Ice Form                       Ice/Transmutation            4
   e - Blade Hands                    Transmutation                5
Comestibles
 c - 2 bread rations
 k - 4 fruits
 n - 2 chunks of flesh


   Skills:
 - Level 1.0 Fighting
 - Level 2.0 Dodging
 - Level 3.0 Unarmed Combat
 - Level 2.0 Spellcasting
 + Level 3.8 Transmutations
 + Level 1.3 Poison Magic


You had 2 spell levels left.
You knew the following spells:

 Your Spells              Type           Power        Failure   Level  Hunger
a - Beastly Appendage     Tmut           ##....       17%         1    #......
b - Spider Form           Tmut/Pois      #.........   45%         3    ###....


Dungeon Overview and Level Annotations

Branches:
Dungeon (3/15)

Altars:

Annotations:
D:2 Natasha


Innate Abilities, Weirdness & Mutations

You cannot wear most types of armour.
You are very stealthy in the water. (Stealth+)
((You are amphibious.))
You can wear up to eight rings at the same time.
((You can use your tentacles to constrict eight enemies at once.))
((Your skin changes colour to match your surroundings (Stealth+).))
((Your rubbery body absorbs attacks. (AC +1, EV +1)))


Message History

The orc wizard casts a spell.
The orc wizard seems to speed up.
The orc wizard hits you with a dagger.
You barely miss the orc wizard. The orc wizard casts a spell at you.
The puff of frost misses you. The orc wizard closely misses you.
You hit the orc wizard but do no damage.
The orc wizard is poisoned.
The orc wizard closely misses you.
You hit the orc wizard but do no damage.
Your transformation is almost over.
The orc wizard casts a spell at you. The puff of frost hits you!
The orc wizard misses you.
You hit the orc wizard.
The orc wizard is lightly wounded.
The orc wizard barely misses you.
You hit the orc wizard.
The orc wizard is heavily wounded.
The orc wizard casts a spell at you. The magic dart hits you!
You die...

.. #.#.# #........ ....#.#.#
#........ ....#.#.####.......
..................
#.#.........####+#
#.###.####......># ####.# #.#
##.###### #.##.###.#####.#####
#.........oos......#
#.##.###.#####.....# #..#.#
#.# #.....###### .#####.#.#
#.# #..........# .........#
#o# #####......#
#####.######o########.......##
#......................)......
#.##.#####.#####...###########
##.##.# #.#...........#


You could see an orc wizard and an orc.

Vanquished Creatures
  An adder (D:1)
  An ooze (D:1)
  A dart slug (D:1)
  A leopard gecko (D:1)
  6 bats
  A giant cockroach (D:1)
  4 goblins
  5 hobgoblins (D:1)
  4 jackals (D:2)
  A frilled lizard (D:1)
  5 kobolds
  6 rats
36 creatures vanquished.

Notes
Turn   | Place    | Note
-------+----------+-------------------------------------------
     0 | D:1      | miragecloak the Octopode Transmuter began the quest for the Orb.
     0 | D:1      | Reached XP level 1. HP: 13/13 MP: 3/3
    97 | D:1      | Reached XP level 2. HP: 17/18 MP: 1/5
   627 | D:1      | Reached XP level 3. HP: 23/23 MP: 4/6
   632 | D:1      | Learned a level 3 spell: Spider Form
  1121 | D:2      | Reached skill level 1 in Poison Magic
  1129 | D:2      | Noticed Natasha
  1274 | D:3      | Killed from afar by an orc wizard

Skill      XL: |  1  2  3 |
---------------+----------+-----
Transmutations | 3 |  3.8
Poison Magic   | 1 |  1.3
Fighting       | |  1.0
Dodging        | |  2.0
Unarmed Combat | |  3.0
Spellcasting   | |  2.0

Action                   || total
-------------------------++-------
Melee: Unarmed           ||    83
       Constrict         ||    22
       Kick              ||    19
       Tentacles         ||    13
 Cast: Beastly Appendage ||    25
       Spider Form       ||     3
 Stab: Sleeping          ||     6
  Eat: Chunk             ||     2
Armor: Skin              ||     9
Dodge: Dodged            ||    56
